Cogmind - Beta 15 @@@ ROGUE MODE // 2025.06.01 @ 05:53:02 Player: Darcyisverycute Result: Escaped! Performance ------------- Evolutions (9) 4500 Regions Visited (25) 5000 Robots Destroyed (175) 875 Value Destroyed (12589) 12589 Prototype IDs (53) 1060 Alien Tech Used (0) 0 Bonus (21478) 21478 TOTAL SCORE: 45502 Bonus ------- Triggered Max Security 1000 High Alert Combat Kills 2414 Follower Combat Kills 6869 Entered Garrisons 1600 Used RIF Installer 6000 Aligned with FarCom 300 Scanned by Researcher 500 Win 3000 Friendly Fire -205 Cogmind --------- Core Integrity 1316/1600 Matter 135/300 Energy 164/170 System Corruption 0% Temperature Cool (15) Movement Flying (27) Location To Epsilon Eridani Parts ------- > --- POWER (3) -------- Light Antimatter Reactor > --- PROPULSION (8) --- Antigrav Array Xenon Bombardment Thruster Xenon Bombardment Thruster Xenon Bombardment Thruster Nuclear Pulse Array Cooled Impulse Thruster > --- UTILITY (10) ----- Advanced Coolant Injector Advanced Signal Interpreter Improved Terrain Scanner Advanced Terrain Scan Processor Reaction Control System Advanced Thermal Shield Hacking Suite Relay Coupler [Sentry] (47) Relay Coupler [Proto] (29) Advanced Corruption Screen > --- WEAPON (4) ------- Force Lance > --- INVENTORY (5) ---- Biometal Heavy Treads Centrium Heavy Armor Plating Enhanced Nova Cannon Peak State ------------ > --- POWER ------------ Antimatter Reactor > --- PROPULSION ------- Heavy Treads Advanced Heavy Siege Treads Advanced Heavy Siege Treads Experimental Q-thruster > --- UTILITY ---------- Huge Storage Unit Advanced Targeting Computer Relay Coupler [NC] Relay Coupler [Swarmer] Relay Coupler [Grunt] Relay Coupler [Grunt] Relay Coupler [Sentry] Relay Coupler [Specialist] Relay Coupler [Hunter] Relay Coupler [Hunter] > --- WEAPON ----------- Enhanced Nova Cannon Perforator Advanced Remote Datajack > --- INVENTORY -------- Cooled Impulse Thruster Experimental Q-thruster Experimental Q-thruster Experimental Coolant Injector Experimental ECM Suite Centrium Light Armor Plating Centrium Light Armor Plating Damper Plating Graphene Brace Relay Coupler [NC] Relay Coupler [Sentry] Relay Coupler [Sentry] Relay Coupler [Sentry] Relay Coupler [Proto] Relay Coupler [Proto] Relay Coupler [Proto] Relay Coupler [Proto] Skeleton Box Long-range Tractor Beam Advanced KE Penetrator Enhanced Hardcell Cannon Point Singularity Launcher [Rating: 159] Favorites ----------- Power Light Nuclear Core Engine Heavy Ion Engine Power Core Light Nuclear Core Reactor Quantum Reactor Propulsion Medium Treads Treads Medium Treads Leg Experimental Biometal Leg Wheel Centrium Wheel Hover Unit Antigrav Array Flight Unit Experimental Q-thruster Utility Huge Storage Unit Device Seismic Detector Storage Huge Storage Unit Processor Improved Signal Interpreter Hackware Relay Coupler [Sentry] Protection Centrium Light Armor Plating Weapon Enhanced Hardcell Cannon Energy Gun Gatling Laser Energy Cannon Long-range Phase Cannon Ballistic Gun Enhanced Autogun Ballistic Cannon Enhanced Hardcell Cannon Launcher Missile Launcher Special Weapon Advanced Remote Datajack Impact Weapon Mace Piercing Weapon Force Lance Special Melee Weapon Improved Datajack Build | -11 -10 -10 -10 -9 -8 -8 -7 -7 -7 -7 -6 -6 -5 -5 -5 -5 -4 -4 -4 -4 -3 -3 -2 -2 -1 ------- Run | Yrd Mat Min Exi Min Mat Gar Fac Gar Fac Gar Fac Gar Fac Gar Fac Gar Fac Was Fac Gar Res Gar Res Tes Acc Slots Evolved 18 | . . . . . 4 . 2 . . . 2 . 2 . . . 2 . . . 2 . 2 . 2 Power 2 | . . . . . . . . . . . . . 1 . . . . . . . . . . . 1 Propulsion 6 | . . . . . 2 . . . . . . . 1 . . . 2 . . . . . . . 1 Utility 8 | . . . . . 1 . 2 . . . 2 . . . . . . . . . 2 . 1 . . Weapon 2 | . . . . . 1 . . . . . . . . . . . . . . . . . 1 . . Parts Attached 227 | 7 2 . 1 3 25 10 6 9 3 19 4 11 4 33 4 13 2 7 2 7 8 8 3 4 32 Power 17 | 1 . . 1 . 1 . . 1 . 2 . . 1 3 . 3 . 2 . . . . . . 2 Engine 4 | 1 . . 1 . 1 . . . . 1 . . . . . . . . . . . . . . . Core 4 | . . . . . . . . 1 . 1 . . 1 . . 1 . . . . . . . . . Reactor 9 | . . . . . . . . . . . . . . 3 . 2 . 2 . . . . . . 2 Propulsion 56 | 2 . . . . 12 1 3 1 1 4 . 4 1 9 1 1 1 4 . . 1 . . 1 9 Treads 40 | 2 . . . . 10 1 3 1 1 4 . 4 1 5 . 1 1 4 . . 1 . . 1 . Leg 2 | . . . . . . . . . . . . . . 2 . . . . . . . . . . . Wheel 2 | . . . . . . . . . . . . . . . . . . . . . . . . . 2 Hover 3 | . . . . . 1 . . . . . . . . . . . . . . . . . . . 2 Flight 9 | . . . . . 1 . . . . . . . . 2 1 . . . . . . . . . 5 Utility 104 | 2 2 . . 1 2 4 2 5 2 8 3 7 2 15 3 6 1 1 2 7 5 6 1 2 15 Device 23 | 1 1 . . . 1 1 1 . . 1 . . . 5 . . . . 2 1 1 . 1 . 7 Storage 4 | 1 1 . . 1 . . . . 1 . . . . . . . . . . . . . . . . Processor 8 | . . . . . . 1 . . . . . . . 1 1 . . . . . 2 . . . 3 Hackware 57 | . . . . . . 1 1 3 1 5 3 7 2 7 2 4 1 . . 6 2 6 . 2 4 Protection 12 | . . . . . 1 1 . 2 . 2 . . . 2 . 2 . 1 . . . . . . 1 Artifact . | . . . . . . . . . . . . . . . . . . . . . . . . . . Weapon 50 | 2 . . . 2 10 5 1 2 . 5 1 . . 6 . 3 . . . . 2 2 2 1 6 Energy Gun 7 | . . . . . . 1 . 1 . . . . . . . . . . . . 2 1 . . 2 Energy Cannon 4 | . . . . . 1 . . . . . . . . 1 . . . . . . . . 1 . 1 Ballistic Gun 16 | 2 . . . 1 7 1 . . . 4 . . . . . . . . . . . . 1 . . Ballistic Cannon 8 | . . . . . 1 . . . . . . . . 4 . 1 . . . . . . . 1 1 Launcher 6 | . . . . 1 1 1 . . . . . . . 1 . 1 . . . . . . . . 1 Special Weapon 5 | . . . . . . . 1 1 . 1 . . . . . 1 . . . . . 1 . . . Impact Weapon 1 | . . . . . . 1 . . . . . . . . . . . . . . . . . . . Slashing Weapon . | . . . . . . . . . . . . . . . . . . . . . . . . . . Piercing Weapon 1 | . . . . . . . . . . . . . . . . . . . . . . . . . 1 Special Melee Weapon 2 | . . . . . . 1 . . . . 1 . . . . . . . . . . . . . . Unidentified Prototypes 24 | . . . . . 6 . . . 1 . . . . 10 . . . 2 . . 2 . . 1 2 Parts Lost 47 | . 1 . . . 4 1 . 2 1 7 1 1 . 6 . 5 . . . 1 . . 1 13 3 Power 8 | . 1 . . . . . . 1 . . . . . 1 . 3 . . . . . . 1 1 . Propulsion 15 | . . . . . 3 . . . . 5 . . . 1 . . . . . . . . . 4 2 Utility 14 | . . . . . 1 1 . 1 . . . 1 . 1 . 2 . . . 1 . . . 5 1 Weapon 10 | . . . . . . . . . 1 2 1 . . 3 . . . . . . . . . 3 . Highest Loss Streak 13 | . 1 . . . 1 1 . 1 1 4 1 1 . 3 . 2 . . . 1 . . 1 13 3 To Critical Strikes . | . . . . . . . . . . . . . . . . . . . . . . . . . . Average Backups 20 | 1 8 14 14 17 19 19 19 19 21 23 23 23 24 23 24 24 25 25 25 21 21 21 21 21 3 Power . | . 1 1 . . . . . . 1 1 . . . . 1 . . . . . . . . . . Propulsion 2 | . 1 3 3 3 2 2 3 3 3 1 . . 1 2 4 4 3 3 3 3 3 3 3 3 . Utility 10 | . 1 3 2 3 3 5 6 6 9 11 15 15 16 15 14 14 18 18 18 15 15 15 15 14 1 Weapon 4 | . 3 6 7 8 10 9 6 6 5 6 4 4 4 3 3 2 2 2 1 1 1 2 2 3 1 Tool/Special . | . . . . . . . . . . . . . . . . . . . . . . . . . . Unused Backups 44 | . . . 1 . 13 3 . 2 . 1 . 3 . 5 . 4 . . . . . 1 . 9 2 Power 2 | . . . . . 2 . . . . . . . . . . . . . . . . . . . . Propulsion 9 | . . . . . 3 . . . . . . . . 1 . 2 . . . . . . . 2 1 Utility 19 | . . . 1 . 1 . . 1 . 1 . 2 . 4 . 2 . . . . . 1 . 6 . Weapon 12 | . . . . . 6 3 . . . . . 1 . . . . . . . . . . . 1 1 Tool/Special 2 | . . . . . 1 . . 1 . . . . . . . . . . . . . . . . . Average Slot Usage (%) 88 | . 97 85 93 100 97 100 99 97 95 91 86 93 89 82 87 82 78 80 68 75 82 84 80 75 42 Engine 3 | . 11 . 7 14 9 9 7 4 . 4 . . . . . . . . . . . . . . . Core 2 | . . . . . . . . . 7 2 6 6 6 5 . 3 5 . . . . . . . . Reactor 2 | . . . . . . . . . . . . . . 5 11 3 5 9 10 10 9 9 6 3 2 Treads 22 | . 28 28 28 28 35 36 30 30 30 28 26 25 23 14 11 10 10 14 15 15 14 14 13 12 . Flight 1 | . . . . . . . . . . . . . . . 4 5 5 5 5 5 4 4 4 3 12 Device 4 | . 14 14 14 14 13 4 14 8 . 1 . . 5 3 1 . . . . . 1 . 1 . 6 Storage 6 | . 14 14 14 14 9 9 7 7 7 7 6 6 5 5 5 5 5 5 5 5 4 4 4 3 . Processor 3 | . . . . . . . 7 7 7 7 6 3 . . 2 5 5 3 . . 7 4 4 4 4 Hackware 12 | . . . . . . 4 7 6 7 7 6 22 25 25 25 11 13 13 10 21 25 32 30 32 7 Protection 4 | . . . . . 2 8 . 6 10 5 13 5 3 2 4 13 11 8 4 1 . . . . . Energy Gun 2 | . . . . . . 7 7 9 7 5 . . . . . . . . . . 2 8 7 1 1 Ballistic Gun 9 | . 28 28 28 27 24 13 5 2 7 8 11 8 7 4 . . . . . . . . . 1 . Ballistic Cannon 2 | . . . . . 1 . . . . . . . . 2 11 10 10 10 10 10 5 . . 2 . Special Weapon 3 | . . . . . . . 5 4 3 6 4 7 8 4 5 4 5 5 5 5 4 4 3 3 . Peak Build Rating 159 | 9 10 7 9 10 39 43 46 55 59 58 66 62 62 132 141 140 139 147 141 141 151 145 155 159 125 Average Rating 74 | 6 8 7 8 9 30 40 44 49 53 50 58 55 55 100 135 132 135 138 139 134 138 137 144 144 71 On Entrance 72 | . 9 7 7 9 10 39 39 43 54 49 54 55 54 58 132 129 139 138 141 141 138 136 138 145 17 Naked Turns 31 | . . . . . . . . . . . . . . . . . . . . . . . . . 31 Heaviest Build 191 | 12 27 24 27 47 69 70 64 75 113 119 123 120 109 144 144 153 153 191 191 191 147 140 153 134 31 Greatest Support 230 | 40 40 40 40 40 82 96 104 104 78 106 104 104 111 173 135 155 182 225 220 220 220 220 220 230 38 Greatest Overweight (x) 3 | . . . . 1 1 . . . 1 1 1 1 1 1 1 1 . 1 . . . . . 1 3 Average Overweight (x) . | . . . . . . . . . . . 1 1 . . 1 . . . . . . . . . . Largest Inventory Capacity 25 | 8 15 15 15 20 20 20 20 20 25 25 25 25 25 25 25 25 25 25 25 25 25 25 25 25 5 Average Capacity 22 | 7 11 15 15 19 20 20 20 20 23 25 25 25 25 25 25 25 25 25 25 25 25 25 25 24 5 Most Carried 25 | 4 14 15 15 19 20 20 20 20 25 25 25 25 25 25 25 25 25 25 25 25 25 25 25 25 5 Average Carried 21 | 1 8 14 14 17 19 19 19 19 21 23 23 23 24 24 24 24 25 24 25 23 24 24 24 24 4 Final Capacity 25 | 8 15 15 15 20 20 20 20 20 25 25 25 25 25 25 25 25 25 25 25 25 25 25 25 5 5 Final Carried 25 | 4 14 15 15 19 20 20 20 20 25 25 22 25 24 25 25 25 25 25 25 25 24 25 25 3 5 Class Distribution -------------------- 37% | Botlord-Tank 15% | Mutant 10% | Botlord-Skirmisher 8% | Skirmisher 8% | Bothacker-Skirmisher 5% | Botlord-Mutant 3% | Bothacker-Tank 3% | Bothacker-Mutant 3% | Scavenger-Skirmisher Dominant Class ---------------- Mutant | -10/Materials Mutant | -10/Mines Mutant | -10/Exiles Mutant | -9/Mines Skirmisher | -8/Materials Mutant | -8/Garrison Bothacker-Skirmisher | -7/Factory Bothacker-Tank | -7/Garrison Bothacker-Skirmisher | -7/Factory Bothacker-Skirmisher | -7/Garrison Botlord-Tank | -6/Factory Botlord-Skirmisher | -6/Garrison Botlord-Skirmisher | -5/Factory Botlord-Tank | -5/Garrison Botlord-Tank | -5/Factory Botlord-Tank | -5/Garrison Botlord-Tank | -4/Factory Botlord-Tank | -4/Waste Botlord-Tank | -4/Factory Botlord-Tank | -4/Garrison Botlord-Gunner | -3/Research Botlord-Tank | -3/Garrison Botlord-Tank | -2/Research Botlord-Tank | -2/Testing Scavenger-Scout | -1/Access Resources | -11 -10 -10 -10 -9 -8 -8 -7 -7 -7 -7 -6 -6 -5 -5 -5 -5 -4 -4 -4 -4 -3 -3 -2 -2 -1 ----------- Run | Yrd Mat Min Exi Min Mat Gar Fac Gar Fac Gar Fac Gar Fac Gar Fac Gar Fac Was Fac Gar Res Gar Res Tes Acc Matter Collected 9850 | 302 179 . 10 62 1488 347 . 770 66 995 59 501 434 1326 304 933 77 319 56 329 106 430 261 225 271 Remotely 261 | . . . . . . . . . . . . . . . . . . . . . . . 261 . . Salvage Created 6452 | 135 339 . . 21 2127 347 . 435 78 523 59 182 148 847 96 167 60 . . 48 174 158 85 115 308 Parts 362 | 9 30 . . 4 135 18 . 16 8 16 1 17 9 33 2 17 2 . . 1 8 7 1 8 20 Haulers Intercepted 5 | . . . . . 5 . . . . . . . . . . . . . . . . . . . . Recyclers Shooed 4 | . 1 . . . 1 . . . . . . . . . 1 . . . . . . . . . 1 Parts Field Recycled . | . . . . . . . . . . . . . . . . . . . . . . . . . . Retrieved Matter . | . . . . . . . . . . . . . . . . . . . . . . . . . . Parts Self-Destructed . | . . . . . . . . . . . . . . . . . . . . . . . . . . Prevented . | . . . . . . . . . . . . . . . . . . . . . . . . . . Kills | -11 -10 -10 -10 -9 -8 -8 -7 -7 -7 -7 -6 -6 -5 -5 -5 -5 -4 -4 -4 -4 -3 -3 -2 -2 -1 ------- Run | Yrd Mat Min Exi Min Mat Gar Fac Gar Fac Gar Fac Gar Fac Gar Fac Gar Fac Was Fac Gar Res Gar Res Tes Acc Combat Hostiles Destroyed 143 | . 14 . . 3 45 9 . 12 8 13 1 4 3 5 . 11 1 . . 1 1 2 4 1 5 Melee 1 | . . . . . . . . . . . . . . . . 1 . . . . . . . . . Guns 87 | . 14 . . 1 36 7 . 6 . 5 1 4 3 3 . . . . . . 1 2 3 . 1 Cannons 18 | . . . . . 2 . . . . . . . . 2 . 7 1 . . 1 . . . 1 4 AOE 35 | . . . . 2 7 2 . 6 8 6 . . . . . 3 . . . . . . 1 . . Classes Destroyed 18 | 2 2 . . . 8 . . 2 . 1 . . . 1 . . 1 . . . . . . 1 . Worker 9 | . . . . . 5 . . . 1 . . . 1 . . . . . . . . . 1 . 1 Builder 2 | . . . . . 2 . . . . . . . . . . . . . . . . . . . . Tunneler 3 | 2 . . . . . . . . . . . . . . . . . . . . . . . . 1 Hauler 5 | . . . . . 5 . . . . . . . . . . . . . . . . . . . . Recycler 4 | 1 . . . . . . . . . . . . . . 1 . . . . . 1 . . . 1 Mechanic 1 | . . . . . 1 . . . . . . . . . . . . . . . . . . . . Watcher 2 | . . . . . . . . . . 1 . . . . . . . . . . . . . . 1 Swarmer 46 | . 9 . . 3 8 . . 5 8 3 . . 1 . . 3 . . . . . 1 . . 5 Grunt 49 | . 5 . . . 21 9 . 5 . 5 . . . . . . . . . . . . 3 1 . Duelist 5 | . . . . . 4 . . . . . . . 1 . . . . . . . . . . . . Protector 2 | . . . . . . . . . . . . . . 2 . . . . . . . . . . . Sentry 13 | . . . . . 8 . . . . 2 . . . . . 2 . . . 1 . . . . . Specialist 4 | . . . . . 2 . . . . . . 2 . . . . . . . . . . . . . Hunter 9 | . . . . . 2 . . . . . 1 . 1 2 . 3 . . . . . . . . . Programmer 17 | . . . . . . . . 3 . 3 . 2 . 2 . 4 . . . . 1 2 . . . Heavy 2 | . . . . . . . . . . . . . . . . . 1 . . . . . 1 . . Behemoth 1 | . . . . . . . . 1 . . . . . . . . . . . . . . . . . Investigator 1 | . . . . . . . . . . . . . . . . . . . . . . . . 1 . Best Kill Streak 9 | 2 3 . . 3 8 3 . 3 4 9 1 3 3 4 1 3 1 . . 1 1 1 5 2 5 Combat Bots Only 9 | . 3 . . 3 6 3 . 3 3 9 1 3 2 4 . 3 1 . . 1 1 1 4 1 5 Max Kills in Single Turn 4 | 1 1 . . 2 3 1 . 3 4 2 1 1 1 1 1 1 1 . . 1 1 2 1 2 2 Gunslinging 1 | . . . . . 1 . . . . . . . . . . . . . . . . . . . . Exploded 3 | . . . . 2 2 1 . 2 3 2 . . . . . 1 . . . . . . 1 . . Melee 1 | . . . . . . . . . . . . . . . . 1 . . . . . . . . . Uniques/NPCs Destroyed . | . . . . . . . . . . . . . . . . . . . . . . . . . . Combat | -11 -10 -10 -10 -9 -8 -8 -7 -7 -7 -7 -6 -6 -5 -5 -5 -5 -4 -4 -4 -4 -3 -3 -2 -2 -1 -------- Run | Yrd Mat Min Exi Min Mat Gar Fac Gar Fac Gar Fac Gar Fac Gar Fac Gar Fac Was Fac Gar Res Gar Res Tes Acc Hostile Shots Fired 1155 | . 53 . . 8 127 27 18 70 43 169 34 38 28 120 4 100 . . 2 9 20 41 32 156 56 Missed 358 | . 15 . . 2 34 5 7 24 15 64 12 19 8 28 . 19 . . . 1 6 9 11 57 22 Hits 797 | . 38 . . 6 93 22 11 46 28 105 22 19 20 92 4 81 . . 2 8 14 32 21 99 34 Melee 26 | . . . . . 10 . . . . . . . 2 . . . . . . 1 . . 2 11 . Projectile 771 | . 38 . . 6 83 22 11 46 28 105 22 19 18 92 4 81 . . 2 7 14 32 19 88 34 AOE 4 | . . . . . . . . . . . . . . 2 . . . . . . . . 1 1 . Critical Strikes 39 | . 1 . . . 6 . . 2 2 3 . . . 5 . 3 . . . 2 . 3 1 8 3 Part Disruptions 3 | . . . . . . . . . . . . . . 1 . 1 . . . . . 1 . . . Actively Blocked 1 | . . . . . . . . . . . . . . 1 . . . . . . . . . . . Damage Taken 15942 | . 392 . . 79 1569 334 95 919 308 1213 352 263 382 2167 57 2115 85 24 49 215 384 870 781 2492 797 Core 2111 | . 85 . . 17 131 46 16 108 11 116 40 . 36 119 16 233 . . . 22 77 24 39 691 284 Absorbed by Shields 129 | . . . . . . . . . . . . . . . . . . . . . . . . 129 . Reduced by Siege Mode 198 | . . . . . . . . . . . . . . 88 . 49 . . . . . 46 15 . . Ignored by Resistances 7 | . . . . . . 7 . . . . . . . . . . . . . . . . . . . Regen/Repaired (Parts) 176 | . . . . . . . . . . . . . . . . . . 34 . 57 5 80 . . . Core Remaining (%) 76 | 100 . . . 59 . 67 . . . 64 . 95 . . . 59 . . . 98 . 92 . 49 82 Volleys Fired 674 | 8 41 . . 4 115 20 3 37 10 56 7 27 23 79 17 55 7 7 1 25 22 51 25 21 13 Largest 3 | 2 2 . . 2 3 3 1 3 3 3 3 3 3 3 2 2 2 1 2 2 2 2 3 1 2 Hottest 185 | 40 40 . . 40 85 130 5 185 130 140 146 96 93 116 116 116 116 7 116 116 82 82 168 120 120 Shots Fired 1180 | 16 82 . . 7 326 55 3 61 14 78 12 37 33 157 20 70 9 7 2 32 23 64 35 21 16 Gun 758 | 16 82 . . 6 285 51 . 44 7 43 8 21 16 117 . . . . . . 3 46 10 . 3 Cannon 169 | . . . . . 33 . . . . . . . . 8 9 49 5 . 2 21 2 2 17 8 13 Launcher 45 | . . . . 1 8 4 . 10 4 7 . . . 1 . 7 . . . . . . 3 . . Special 208 | . . . . . . . 3 7 3 28 4 16 17 31 11 14 4 7 . 11 18 16 5 13 . Kinetic 772 | 16 82 . . 6 318 33 . 12 5 31 6 21 16 124 9 49 5 . 2 21 2 2 . 1 11 Thermal 156 | . . . . . . 18 . 32 2 13 2 . . 1 . . . . . . 3 46 27 7 5 Explosive 45 | . . . . 1 8 4 . 10 4 7 . . . 1 . 7 . . . . . . 3 . . Electromagnetic . | . . . . . . . . . . . . . . . . . . . . . . . . . . Robot Hit Streak 47 | 5 9 . . 4 22 17 2 14 19 11 3 10 7 47 5 8 15 20 1 7 10 18 12 5 3 Robot Miss Streak 5 | 2 2 . . . 5 4 1 2 3 3 1 2 2 2 2 3 . 1 1 2 1 2 1 2 5 Penetration Max 1 | . . . . . . . . . . . . . 1 1 . . . . . . . . . 1 . Secondary Targets 14 | . 4 . . . 5 1 . . . 1 . . 1 1 . . . . . . . 1 . . . Max Gunslinging Chain 1 | . 1 . . . 1 1 . . . 1 . . 1 1 . . . . . . . 1 . . . Shots Hit Robots 798 | 10 47 . . 3 231 38 2 38 7 51 13 32 25 131 11 35 7 6 1 21 19 33 15 11 11 Core Hits 361 | 4 23 . . 3 123 25 . 40 11 24 2 5 7 41 1 17 1 . 1 2 3 7 11 3 7 Critical Kills 8 | . . . . . 4 . . . . . 1 . . 1 . . . . . . . . . 2 . Critical Parts Destroyed 4 | . . . . . 1 . . . . . . . 2 1 . . . . . . . . . . . Critical Strikes 26 | . . . . . 5 . . . . . 1 . 2 2 1 1 . . 1 1 1 2 2 2 5 Burn 5 | . . . . . . . . . . . . . . . . . . . . . 1 2 2 . . Destroy 12 | . . . . . 5 . . . . . 1 . 2 2 . . . . . . . . . 2 . Blast 7 | . . . . . . . . . . . . . . . 1 1 . . 1 1 . . . . 3 Impale 2 | . . . . . . . . . . . . . . . . . . . . . . . . . 2 Melee Attacks 79 | . . . . . . 15 1 9 . 2 13 16 . 7 . . . . . . . . . . 16 Impact 46 | . . . . . . 13 1 9 . 2 9 5 . 7 . . . . . . . . . . . Slashing . | . . . . . . . . . . . . . . . . . . . . . . . . . . Piercing 16 | . . . . . . . . . . . . . . . . . . . . . . . . . 16 Sneak Attacks 19 | . . . . . . . . . . 1 4 11 . . . . . . . . . . . . 3 Combat Hostiles . | . . . . . . . . . . . . . . . . . . . . . . . . . . Follow-up Attacks . | . . . . . . . . . . . . . . . . . . . . . . . . . . Damage Inflicted 20188 | 104 545 . . 184 4545 1151 . 1791 925 1280 94 213 294 3014 130 2529 86 . 119 620 111 503 1056 17 877 Guns 9736 | 104 545 . . 36 3129 739 . 936 88 532 94 213 291 2285 . . . . . . 80 456 146 . 62 Cannons 3362 | . . . . . 432 . . . . . . . . 409 130 1078 86 . 90 620 . 47 86 17 367 Explosions 6484 | . . . . 148 980 412 . 855 837 706 . . . 320 . 1402 . . . . . . 824 . . Melee 490 | . . . . . . . . . . 42 . . . . . . . . . . . . . . 448 Ramming 116 | . . . . . 4 . . . . . . . 3 . . 49 . . 29 . 31 . . . . Kinetic 10713 | 104 545 . . 36 3561 319 . 124 64 266 61 213 291 2694 130 1078 86 . 90 620 . 47 . 17 367 Thermal 2815 | . . . . . . 420 . 812 454 266 33 . . . . . . . . . 80 456 232 . 62 Explosive 6054 | . . . . 148 980 412 . 855 407 706 . . . 320 . 1402 . . . . . . 824 . . Electromagnetic . | . . . . . . . . . . . . . . . . . . . . . . . . . . Impact 42 | . . . . . . . . . . 42 . . . . . . . . . . . . . . . Slashing . | . . . . . . . . . . . . . . . . . . . . . . . . . . Piercing 448 | . . . . . . . . . . . . . . . . . . . . . . . . . 448 Highest Corruption 20 | . . . . . 2 2 . 5 6 11 3 3 . 2 2 20 . . . 2 . 3 . 7 . Average Corruption 5 | . . . . . 1 2 . 4 5 7 3 3 . 1 2 17 . . . 2 . 2 . 3 . Corruption Purged . | . . . . . . . . . . . . . . . . . . . . . . . . . . Corruption Blocked . | . . . . . . . . . . . . . . . . . . . . . . . . . . Effects 255 | . . . . . 17 10 . 13 15 59 . 26 . 9 13 77 . . . 3 . 12 . 1 . Message Errors 71 | . . . . . 2 3 . 5 2 21 . 8 . 1 5 20 . . . 2 . 1 . 1 . Matter Fused 45 | . . . . . 3 2 . 2 3 8 . 1 . 1 4 15 . . . 1 . 5 . . . Heat Flow Errors 25 | . . . . . 1 . . 1 3 9 . 3 . 1 . 6 . . . . . 1 . . . Energy Discharges 37 | . . . . . 3 3 . 1 5 5 . 7 . 3 2 5 . . . . . 3 . . . Parts Rejected 3 | . . . . . . . . . . 1 . 1 . . . 1 . . . . . . . . . Parts Fused 5 | . . . . . 1 . . 1 . 1 . 1 . . . 1 . . . . . . . . . Data Loss (minor) 23 | . . . . . 3 1 . 2 1 7 . 1 . . . 6 . . . . . 2 . . . Data Loss (major) 19 | . . . . . 1 1 . . 1 4 . 2 . 2 1 7 . . . . . . . . . Misfires 11 | . . . . . . . . 1 . 2 . 1 . 1 1 5 . . . . . . . . . Alerts 5 | . . . . . 1 . . . . 1 . 1 . . . 2 . . . . . . . . . Misdirections 2 | . . . . . . . . . . . . . . . . 2 . . . . . . . . . Weapon Failures 9 | . . . . . 2 . . . . . . . . . . 7 . . . . . . . . . Overload Shots . | . . . . . . . . . . . . . . . . . . . . . . . . . . Overflow Damage 530 | . . . . . 21 6 . 7 80 14 . . . 119 12 94 . . . . . . 12 . 165 Projectiles 158 | . . . . . . . . . . . . . . 78 12 60 . . . . . . . . 8 Explosions 208 | . . . . . 21 6 . 7 80 7 . . . 41 . 34 . . . . . . 12 . . Melee 164 | . . . . . . . . . . 7 . . . . . . . . . . . . . . 157 Knockbacks 34 | . . . . . 22 . . . . . . . . 2 1 4 . . . . . 1 . . 4 Impact . | . . . . . . . . . . . . . . . . . . . . . . . . . . Kinetic 30 | . . . . . 19 . . . . . . . . 2 1 3 . . . . . 1 . . 4 Secondary 4 | . . . . . 3 . . . . . . . . . . 1 . . . . . . . . . Self-Inflicted Damage 350 | . . . . 22 . . . 45 . 27 . . . 105 . 151 . . . . . . . . . Shots 6 | . . . . 1 . . . 1 . 1 . . . 2 . 1 . . . . . . . . . Rammed 10 | . . . . . . . . . . . . . 1 . . 5 . . 2 . 2 . . . . Targets Rammed 12 | . . . . . 1 . . . . . . . 1 . . 6 . . 2 . 2 . . . . Kicked . | . . . . . . . . . . . . . . . . . . . . . . . . . . Crushed 2 | . . . . . 1 . . . . . . . . . . 1 . . . . . . . . . Highest Temperature 429 | . 9 . . . 342 219 . 358 214 276 164 252 54 329 108 303 102 11 98 378 429 193 218 219 16 Average Temperature 81 | . 6 . . . 85 73 . 125 87 81 95 84 28 108 40 88 45 5 23 89 232 103 106 82 12 Received Heat Transfer 1871 | . 75 . . . 450 180 36 96 24 237 24 63 27 192 . 45 . 9 9 54 27 9 72 233 9 Effects 8 | . . . . . 2 . . . . 1 . . . 2 . . . . . 3 . . . . . Shutdowns 1 | . . . . . . . . . . . . . . . . . . . . 1 . . . . . Energy Bleed 2 | . . . . . 1 . . . . 1 . . . . . . . . . . . . . . . Interference 4 | . . . . . . . . . . . . . . 2 . . . . . 2 . . . . . Short Circuit 1 | . . . . . 1 . . . . . . . . . . . . . . . . . . . . Siege Activations 6 | . . . . . . . . . . . . . . 1 . 1 . . . 1 . 2 1 . . Total Turns 68 | . . . . . . . . . . . . . . 24 . 16 . . . 7 . 13 8 . . Longest Duration 24 | . . . . . . . . . . . . . . 24 . 16 . . . 7 . 10 8 . . Martial Activations . | . . . . . . . . . . . . . . . . . . . . . . . . . . Shielding Activations . | . . . . . . . . . . . . . . . . . . . . . . . . . . Robots Disrupted . | . . . . . . . . . . . . . . . . . . . . . . . . . . Combat Hostiles . | . . . . . . . . . . . . . . . . . . . . . . . . . . Robots Corrupted 1 | . . . . . . . . . . 1 . . . . . . . . . . . . . . . Combat Hostiles . | . . . . . . . . . . . . . . . . . . . . . . . . . . Parts Fried 2 | . . . . . . . . . . 1 . . . . . . . . . . . 1 . . . Impact Corruptions 1 | . . . . . . . . . . 1 . . . . . . . . . . . . . . . Robots Melted 2 | . . . . . . . . . . 2 . . . . . . . . . . . . . . . Combat Hostiles 2 | . . . . . . . . . . 2 . . . . . . . . . . . . . . . Parts Melted 14 | . . . . . . . . 3 . 2 1 1 . . . . 2 . . . 1 4 . . . Heat Transferred 5447 | . . . . . . 899 . 1625 300 600 75 . . . . . . . . . 250 1050 574 . 74 Parts Sabotaged . | . . . . . . . . . . . . . . . . . . . . . . . . . . Parts Stolen . | . . . . . . . . . . . . . . . . . . . . . . . . . . Parts Stripped . | . . . . . . . . . . . . . . . . . . . . . . . . . . Power Chain Reactions . | . . . . . . . . . . . . . . . . . . . . . . . . . . Alert | -11 -10 -10 -10 -9 -8 -8 -7 -7 -7 -7 -6 -6 -5 -5 -5 -5 -4 -4 -4 -4 -3 -3 -2 -2 -1 ------- Run | Yrd Mat Min Exi Min Mat Gar Fac Gar Fac Gar Fac Gar Fac Gar Fac Gar Fac Was Fac Gar Res Gar Res Tes Acc Maximum Alert Level 5 | . . . . . 3 3 2 4 3 5 3 4 2 4 3 5 3 1 2 3 2 5 4 5 4 Low Security (%) 15 | 100 100 100 . 100 26 . . . . . . . . . . . . 83 11 . . . . . . Level 1 4 | . . . . . 21 . . 3 2 . . . . 8 . . . 16 2 . . . . . . Level 2 27 | . . . . . 40 38 100 24 89 15 31 25 100 27 3 . . . 86 38 100 16 . . . Level 3 31 | . . . . . 12 61 . 65 8 38 68 67 . 27 96 19 100 . . 61 . 3 76 . 96 Level 4 14 | . . . . . . . . 6 . 27 . 7 . 36 . 61 . . . . . 49 23 . 3 Level 5 4 | . . . . . . . . . . 19 . . . . . 18 . . . . . 31 . . . High Security . | . . . . . . . . . . . . . . . . . . . . . . . . . . Max Security 1 | . . . . . . . . . . . . . . . . . . . . . . . . 99 . Peak Influence 1857 | 5 167 46 . 84 931 1068 564 1235 750 1638 859 1159 612 1356 1033 1857 974 303 652 966 654 1683 1305 1765 1100 Initial 1100 | . . 46 . . . 599 560 348 648 509 859 542 608 374 711 707 974 303 . 449 543 484 946 728 1100 Average 743 | . 78 14 . 10 389 812 521 854 544 1093 751 831 566 873 864 1301 941 97 477 767 495 1293 1022 1634 977 Influence Increases 15230 | 15 374 . . 84 1508 479 88 957 486 1459 276 747 437 1282 642 1400 84 6 872 767 373 1319 699 588 288 Destroy 0b10 Robot/C 6300 | . 280 . . 60 900 240 40 520 200 620 140 260 200 380 200 500 20 . 300 340 140 420 240 200 100 Destroy 0b10 Robot/NC 250 | 15 . . . . 65 . 5 . 5 5 5 . 20 55 10 5 . . 5 . 15 . 15 5 20 Destroy Leader 862 | . 40 . . 10 200 10 12 40 40 40 30 30 32 30 40 60 10 . 62 20 20 60 54 10 12 Allied During Kill 3003 | . . . . . . 9 11 107 16 187 46 148 57 203 157 249 27 . 367 292 175 480 309 163 . Successful Hack 174 | . 24 . . . 23 14 . . . 28 . . . 14 5 14 . . . . . 7 . . 45 Select Force Hacks 30 | . 30 . . . . . . . . . . . . . . . . . . . . . . . . Disable Machine 600 | . . . . . 120 . 15 . 165 . 45 15 45 45 30 30 . . 30 15 . 15 15 15 . Anti-Garrison Action 2000 | . . . . . . 150 . 200 . 500 . 250 . 300 . 300 . . . 50 . 250 . . . Destroy Structure 1516 | . . . . 14 35 56 5 90 60 79 10 44 68 255 200 227 12 6 108 35 8 87 66 15 36 Lose Combat Pursuer 495 | . . . . . 165 . . . . . . . 15 . . 15 15 . . 15 15 . . 180 75 Influence Decreases 15278 | 15 253 121 . 84 585 334 658 220 993 549 1139 363 1061 461 987 554 1073 874 230 443 693 282 1087 1137 1082 Entered New Map 8714 | . . 75 . . . 324 508 150 587 219 779 233 551 161 645 304 883 565 . 193 423 162 737 567 648 Time Decay 3254 | 15 243 46 . 84 545 . 150 . 356 . 270 . 230 . 262 . 90 269 90 . 230 . 120 . 254 Lost Part 470 | . 10 . . . 40 10 . 20 10 70 10 10 . 60 . 50 . . . 10 . . 10 130 30 Lost Ally 2690 | . . . . . . . . 50 40 260 80 120 280 240 80 200 100 40 140 240 40 120 220 440 . Purge Threat 150 | . . . . . . . . . . . . . . . . . . . . . . . . . 150 Squads Dispatched 57 | . 2 . . . 7 . 1 . 4 . 3 . 7 . 5 . 1 . 2 . 3 . 4 12 6 Investigation 6 | . 2 . . . . . . . . . 1 . . . . . . . . . . . . . 3 Extermination 8 | . . . . . . . . . 2 . . . 2 . 1 . . . . . 1 . . . 2 Reinforcement 17 | . . . . . 6 . 1 . . . . . 1 . 3 . 1 . . . . . 4 . 1 Assault 16 | . . . . . 1 . . . . . 1 . 2 . . . . . . . . . . 12 . Garrison 10 | . . . . . . . . . 2 . 1 . 2 . 1 . . . 2 . 2 . . . . Intercept . | . . . . . . . . . . . . . . . . . . . . . . . . . . Searches Triggered . | . . . . . . . . . . . . . . . . . . . . . . . . . . Construction Impeded 4 | . . . . . . . . . . . . . 1 . 2 . . . . . . . 1 . . Haulers Reinforced 1 | . . . . . . . . . . . . . . . 1 . . . . . . . . . . Active Scanning Responses . | . . . . . . . . . . . . . . . . . . . . . . . . . . Cargo Convoy Interrupts . | . . . . . . . . . . . . . . . . . . . . . . . . . . Stealth | -11 -10 -10 -10 -9 -8 -8 -7 -7 -7 -7 -6 -6 -5 -5 -5 -5 -4 -4 -4 -4 -3 -3 -2 -2 -1 --------- Run | Yrd Mat Min Exi Min Mat Gar Fac Gar Fac Gar Fac Gar Fac Gar Fac Gar Fac Was Fac Gar Res Gar Res Tes Acc Distress Signals 20 | . 1 . . . 5 . . . . . 3 . 2 2 1 . 1 . 1 . 2 . 1 . 1 Communications Jammed 257 | . . . . . . . . . . . . . . . . . . . . . 12 . 150 95 . Distress Signals 256 | . . . . . . . . . . . . . . . . . . . . . 11 . 150 95 . Times Spotted 489 | . 24 . . 3 73 12 5 27 8 36 17 21 16 46 10 33 1 5 3 19 20 27 11 54 18 Peak Tracking Total 20 | . 5 . . 3 8 3 3 4 2 6 11 4 6 10 5 6 2 4 1 3 6 5 9 20 6 Tactical Retreats 18 | . . . . . 6 . . . . . . . 1 . . 1 1 . . 1 1 . . 3 4 Traps | -11 -10 -10 -10 -9 -8 -8 -7 -7 -7 -7 -6 -6 -5 -5 -5 -5 -4 -4 -4 -4 -3 -3 -2 -2 -1 ------- Run | Yrd Mat Min Exi Min Mat Gar Fac Gar Fac Gar Fac Gar Fac Gar Fac Gar Fac Was Fac Gar Res Gar Res Tes Acc Traps Triggered 21 | . 1 . . . 2 . . . 1 2 . 4 . 1 . 6 1 . . . . . . . 3 Indirectly . | . . . . . . . . . . . . . . . . . . . . . . . . . . Trap Hack Attempts . | . . . . . . . . . . . . . . . . . . . . . . . . . . Triggered . | . . . . . . . . . . . . . . . . . . . . . . . . . . Disarmed . | . . . . . . . . . . . . . . . . . . . . . . . . . . Reprogrammed . | . . . . . . . . . . . . . . . . . . . . . . . . . . Reused . | . . . . . . . . . . . . . . . . . . . . . . . . . . Traps Extracted . | . . . . . . . . . . . . . . . . . . . . . . . . . . Installed . | . . . . . . . . . . . . . . . . . . . . . . . . . . Triggered . | . . . . . . . . . . . . . . . . . . . . . . . . . . Machines | -11 -10 -10 -10 -9 -8 -8 -7 -7 -7 -7 -6 -6 -5 -5 -5 -5 -4 -4 -4 -4 -3 -3 -2 -2 -1 ---------- Run | Yrd Mat Min Exi Min Mat Gar Fac Gar Fac Gar Fac Gar Fac Gar Fac Gar Fac Was Fac Gar Res Gar Res Tes Acc Machines Disabled 71 | . . . . . 8 3 1 3 11 8 3 4 3 7 2 6 . . 2 2 . 6 1 1 . Max in Single Turn 10 | . . . . . 2 1 . 1 10 1 1 1 1 2 1 2 . . . 1 . 1 . 1 . Garrison Access 2 | . . . . . . . . . . . . . . . . . . . . . . . . . 2 Garrison Relay 28 | . . . . . . 3 . 2 . 8 . 3 . 1 . 4 . . . 1 . 6 . . . Phase Generator 1 | . . . . . . . . . . . . . . 1 . . . . . . . . . . . Machines Repaired . | . . . . . . . . . . . . . . . . . . . . . . . . . . Machines Dismantled 17 | . . . . . . . . . . 7 2 4 3 1 . . . . . . . . . . . Machines Sabotaged . | . . . . . . . . . . . . . . . . . . . . . . . . . . Overloaded Fab Kills . | . . . . . . . . . . . . . . . . . . . . . . . . . . Hacking | -11 -10 -10 -10 -9 -8 -8 -7 -7 -7 -7 -6 -6 -5 -5 -5 -5 -4 -4 -4 -4 -3 -3 -2 -2 -1 --------- Run | Yrd Mat Min Exi Min Mat Gar Fac Gar Fac Gar Fac Gar Fac Gar Fac Gar Fac Was Fac Gar Res Gar Res Tes Acc Machines Accessed 57 | . 7 . 1 . 8 2 3 . 1 3 3 3 2 2 4 2 . . 2 . 2 3 . . 9 Terminals 40 | . 6 . . . 6 2 1 . . 3 1 3 1 2 2 2 . . 1 . 1 3 . . 6 Fabricators 2 | . . . . . . . 1 . . . 1 . . . . . . . . . . . . . . Repair Stations . | . . . . . . . . . . . . . . . . . . . . . . . . . . Recycling Units 3 | . 1 . . . 1 . . . . . . . . . . . . . . . . . . . 1 Scanalyzers 1 | . . . . . . . . . . . . . . . 1 . . . . . . . . . . Garrison Access 10 | . . . . . 1 . 1 . 1 . 1 . 1 . 1 . . . 1 . 1 . . . 2 Total Hacks 114 | . 22 . 1 . 22 2 4 . 1 7 4 5 3 4 9 3 . . 2 . 3 5 . . 17 Successful 57 | . 14 . 1 . 15 2 1 . 1 2 2 1 1 1 3 1 . . 2 . 1 2 . . 7 Failed 57 | . 8 . . . 7 . 3 . . 5 2 4 2 3 6 2 . . . . 2 3 . . 10 Catastrophic 15 | . 1 . . . . . 1 . . 1 2 2 1 . 1 1 . . . . . 1 . . 4 Database Lockouts . | . . . . . . . . . . . . . . . . . . . . . . . . . . Manual 55 | . 21 . 1 . 18 . . . . 1 1 . 2 1 2 . . . . . 2 1 . . 5 Terminals 87 | . 18 . . . 19 2 2 . . 7 1 5 2 4 4 3 . . 1 . 2 5 . . 12 Fabricators 3 | . . . . . . . 1 . . . 2 . . . . . . . . . . . . . . Repair Stations . | . . . . . . . . . . . . . . . . . . . . . . . . . . Recycling Units 8 | . 4 . . . 2 . . . . . . . . . . . . . . . . . . . 2 Scanalyzers 4 | . . . . . . . . . . . . . . . 4 . . . . . . . . . . Garrison Access 11 | . . . . . 1 . 1 . 1 . 1 . 1 . 1 . . . 1 . 1 . . . 3 Terminal Hacks 21 | . 3 . 1 . 5 2 . . . 2 . 1 . 1 . 1 . . 1 . . 2 . . 2 Record 1 | . . . . . 1 . . . . . . . . . . . . . . . . . . . . Robot Analysis 4 | . 3 . . . 1 . . . . . . . . . . . . . . . . . . . . Open Door 3 | . . . . . . 1 . . . . . . . . . . . . . . . 1 . . 1 Open DSF 1 | . . . . . . . . . . . . . . . . . . . 1 . . . . . . Emergency Access Points 4 | . . . . . 1 . . . . . . . . 1 . 1 . . . . . 1 . . . Terminal Index 1 | . . . . . 1 . . . . . . . . . . . . . . . . . . . . Unreport Threat 1 | . . . . . . . . . . . . . . . . . . . . . . . . . 1 Zone Layout 1 | . . . . . 1 . . . . . . . . . . . . . . . . . . . . Garrison Registry 3 | . . . . . . 1 . . . 1 . 1 . . . . . . . . . . . . . Patrol Navigation 1 | . . . . . . . . . . 1 . . . . . . . . . . . . . . . Proto ID Catalog 1 | . . . 1 . . . . . . . . . . . . . . . . . . . . . . Fabricator Hacks 1 | . . . . . . . . . . . 1 . . . . . . . . . . . . . . Network Status 1 | . . . . . . . . . . . 1 . . . . . . . . . . . . . . Repair Station Hacks . | . . . . . . . . . . . . . . . . . . . . . . . . . . Recycling Unit Hacks 2 | . 1 . . . . . . . . . . . . . . . . . . . . . . . 1 Retrieve Components 2 | . 1 . . . . . . . . . . . . . . . . . . . . . . . 1 Scanalyzer 1 | . . . . . . . . . . . . . . . 1 . . . . . . . . . . Insert Component 1 | . . . . . . . . . . . . . . . 1 . . . . . . . . . . Garrison Access Hacks 11 | . . . . . 1 . 1 . 1 . 1 . 1 . 1 . . . 1 . 1 . . . 3 Unlock Access 8 | . . . . . 1 . 1 . 1 . 1 . 1 . 1 . . . 1 . 1 . . . . Seal Access 2 | . . . . . . . . . . . . . . . . . . . . . . . . . 2 Coupler Status 1 | . . . . . . . . . . . . . . . . . . . . . . . . . 1 Unauthorized Hacks 21 | . 10 . . . 9 . . . . . . . . . 1 . . . . . . . . . 1 Terminals 16 | . 7 . . . 7 . . . . . . . . . 1 . . . . . . . . . 1 Botnet 6 | . 2 . . . 2 . . . . . . . . . 1 . . . . . . . . . 1 Skim 10 | . 5 . . . 5 . . . . . . . . . . . . . . . . . . . . Fabricators . | . . . . . . . . . . . . . . . . . . . . . . . . . . Repair Stations . | . . . . . . . . . . . . . . . . . . . . . . . . . . Recycling Units 5 | . 3 . . . 2 . . . . . . . . . . . . . . . . . . . . Reject 2 | . 1 . . . 1 . . . . . . . . . . . . . . . . . . . . Mask 2 | . 1 . . . 1 . . . . . . . . . . . . . . . . . . . . Tunnel 1 | . 1 . . . . . . . . . . . . . . . . . . . . . . . . Scanalyzers . | . . . . . . . . . . . . . . . . . . . . . . . . . . Garrison Access . | . . . . . . . . . . . . . . . . . . . . . . . . . . Data Cores Recovered 1 | . . . . . . . . . . . . . . . . . . . . . . . . 1 . Used . | . . . . . . . . . . . . . . . . . . . . . . . . . . Hacking Detections 43 | . 6 . . . 6 1 3 . . 3 2 3 1 2 4 1 . . . . 1 2 . . 8 Full Trace Events 4 | . . . . . . . . . . . 1 . . . . . . . . . . . . . 3 Feedback Events . | . . . . . . . . . . . . . . . . . . . . . . . . . . Feedback Blocked . | . . . . . . . . . . . . . . . . . . . . . . . . . . Robot Schematics Acquired . | . . . . . . . . . . . . . . . . . . . . . . . . . . Robots Built . | . . . . . . . . . . . . . . . . . . . . . . . . . . Authchips . | . . . . . . . . . . . . . . . . . . . . . . . . . . Time . | . . . . . . . . . . . . . . . . . . . . . . . . . . Total Robot Build Rating . | . . . . . . . . . . . . . . . . . . . . . . . . . . Part Schematics Acquired . | . . . . . . . . . . . . . . . . . . . . . . . . . . Parts Built . | . . . . . . . . . . . . . . . . . . . . . . . . . . Authchips . | . . . . . . . . . . . . . . . . . . . . . . . . . . Time . | . . . . . . . . . . . . . . . . . . . . . . . . . . Total Part Build Rating . | . . . . . . . . . . . . . . . . . . . . . . . . . . Parts Repaired . | . . . . . . . . . . . . . . . . . . . . . . . . . . Time . | . . . . . . . . . . . . . . . . . . . . . . . . . . Parts Recycled . | . . . . . . . . . . . . . . . . . . . . . . . . . . Recycled Matter . | . . . . . . . . . . . . . . . . . . . . . . . . . . Retrieved Matter . | . . . . . . . . . . . . . . . . . . . . . . . . . . Retrieved Components 3 | . 3 . . . . . . . . . . . . . . . . . . . . . . . . Parts Scanalyzed 1 | . . . . . . . . . . . . . . . 1 . . . . . . . . . . Part Schematics Acquired . | . . . . . . . . . . . . . . . . . . . . . . . . . . Parts Damaged . | . . . . . . . . . . . . . . . . . . . . . . . . . . Bothacking | -11 -10 -10 -10 -9 -8 -8 -7 -7 -7 -7 -6 -6 -5 -5 -5 -5 -4 -4 -4 -4 -3 -3 -2 -2 -1 ------------ Run | Yrd Mat Min Exi Min Mat Gar Fac Gar Fac Gar Fac Gar Fac Gar Fac Gar Fac Was Fac Gar Res Gar Res Tes Acc Used RIF Installer 12 | . . . . . . 1 . 2 . 1 . 2 . 2 . 1 . . . 2 . 1 . . . Coupler Efficiency 3 | . . . . . . . . 1 . . . 1 . 1 . . . . . . . . . . . Code Merge 1 | . . . . . . . . . . . . . . . . . . . . 1 . . . . . Command Fork 1 | . . . . . . . . . . . . . . . . . . . . 1 . . . . . Signal Jammer 1 | . . . . . . . . . . . . . . . . 1 . . . . . . . . . Robot Detection 1 | . . . . . . . . . . . . 1 . . . . . . . . . . . . . Watcher Feeds 1 | . . . . . . . . . . . . . . . . . . . . . . 1 . . . Patrol Navigation 1 | . . . . . . . . 1 . . . . . . . . . . . . . . . . . Program Shield 1 | . . . . . . . . . . 1 . . . . . . . . . . . . . . . Autoassimilate 1 | . . . . . . . . . . . . . . 1 . . . . . . . . . . . Robots Hacked 169 | . . . . . . 2 2 6 2 17 4 14 12 25 10 11 3 6 . 10 15 17 3 10 . Non-combat 21 | . . . . . . . 2 . . . 2 . 3 . 3 . 3 . . . 5 . 3 . . Combat 148 | . . . . . . 2 . 6 2 17 2 14 9 25 7 11 . 6 . 10 10 17 . 10 . Autoassimilated 15 | . . . . . . . . . . . . . . 1 1 1 . . . 2 1 6 . 3 . Robot Hacks Applied 168 | . . . . . . 2 2 6 3 20 6 14 13 25 9 10 4 7 . 8 16 11 4 8 . parse_system 4 | . . . . . . . . 1 . 1 . . . 1 . . . 1 . . . . . . . no_distress 1 | . . . . . . . . . . . . . . . . . 1 . . . . . . . . start_evac 4 | . . . . . . . . . . . . . . . 3 . . . . . 1 . . . . find_chute 2 | . . . . . . . . . . . . . 1 . . . 1 . . . . . . . . ignore_repairs 2 | . . . . . . . . . . . 1 . . . . . . . . . . . 1 . . map_walls 2 | . . . . . . . . . . . 2 . . . . . . . . . . . . . . find_fabricator 1 | . . . . . . . . . . . . . . . . . . . . . . . 1 . . drop_inventory 5 | . . . . . . . . . . . . . 1 . . . 1 . . . 2 . 1 . . find_recycling 2 | . . . . . . . . . . . . . . . . . 1 . . . 1 . . . . map_route 5 | . . . . . . . 1 . . . . . 1 . . . . . . . 2 . 1 . . ignore_targets 6 | . . . . . . . . . . . . . . . . . . 6 . . . . . . . emergency_deploy 1 | . . . . . . . . . . . . . . . . . . . . . 1 . . . . find_shortcuts 1 | . . . . . . . . . . . . . . 1 . . . . . . . . . . . find_garrison 3 | . . . . . . . . . 1 . 1 . 1 . . . . . . . . . . . . link_fov 1 | . . . . . . . . . . . . . . . . . . . . . 1 . . . . scatter_targeting 1 | . . . . . . . . . . . . . . . . . . . . . . 1 . . . spike_heat 6 | . . . . . . . . . . 5 . . . . . . . . . 1 . . . . . amplify_resonance 9 | . . . . . . . . 1 . 1 . 1 . 3 . 1 . . . . . . . 2 . disable_weapons 4 | . . . . . . 1 . . . 1 . . 1 1 . . . . . . . . . . . reboot_system 5 | . . . . . . . . . . 1 . 1 . 1 1 . . . . . 1 . . . . overwrite_iff 12 | . . . . . . . . 1 . 1 . . 3 1 . 1 . . . 1 1 2 . 1 . formatsys_low 1 | . . . . . . . 1 . . . . . . . . . . . . . . . . . . formatsys_high 87 | . . . . . . 1 . 3 2 10 2 12 5 17 5 8 . . . 6 6 7 . 3 . formatsys_deep 3 | . . . . . . . . . . . . . . . . . . . . . . 1 . 2 . Relay Couplers Released 108 | . . . . . . 13 . 9 . 26 . 11 . 4 . 17 . . . 5 . 23 . . . Machine Destruction 108 | . . . . . . 13 . 9 . 26 . 11 . 4 . 17 . . . 5 . 23 . . . Attached 55 | . . . . . . 1 1 3 1 5 3 7 2 7 2 4 1 . . 6 2 6 . 2 2 Merged Code Value 195 | . . . . . . . . . . . . . . . . . . . . 24 . 171 . . . Fabnet Peak Effective % . | . . . . . . . . . . . . . . . . . . . . . . . . . . Robots Rewired 12 | . . . . . . . . . . 3 . 3 . 4 . . . . . . . 2 . . . Allies Hacked 7 | . . . . . . . . . . 2 . . . . . 1 . . . . . 1 1 2 . Hacks Repelled . | . . . . . . . . . . . . . . . . . . . . . . . . . . Allies | -11 -10 -10 -10 -9 -8 -8 -7 -7 -7 -7 -6 -6 -5 -5 -5 -5 -4 -4 -4 -4 -3 -3 -2 -2 -1 -------- Run | Yrd Mat Min Exi Min Mat Gar Fac Gar Fac Gar Fac Gar Fac Gar Fac Gar Fac Was Fac Gar Res Gar Res Tes Acc Total Allies 165 | . . . . . . 2 1 4 2 16 2 15 8 23 6 14 . 19 . 9 10 22 1 11 . Largest Group 25 | . . . . . . 2 3 5 2 8 4 9 9 11 10 13 11 22 22 15 16 25 24 13 . Highest-Rated Group 1276 | . . . . . . 164 190 222 64 276 123 325 325 690 690 606 461 848 848 623 739 1276 1246 758 . Highest-Rated Ally 149 | . . . . . . 149 149 149 32 43 43 85 85 116 116 116 80 69 51 58 64 82 80 89 . Total Orders 18 | . . . . . . . . . . . . 3 . 9 1 1 . . 4 . . . . . . STAY 9 | . . . . . . . . . . . . 1 . 6 1 1 . . . . . . . . . FOLLOW 5 | . . . . . . . . . . . . 2 . 3 . . . . . . . . . . . EXPLORE 4 | . . . . . . . . . . . . . . . . . . . 4 . . . . . . Ally Attacks 1187 | . . . . . . 6 7 37 17 80 26 66 46 94 63 83 55 98 75 102 42 125 99 66 . Total Damage 32521 | . . . . . . 258 180 1018 337 2367 967 1311 1142 2894 1518 1957 902 2549 2054 2621 1397 3780 2955 2314 . Kills 204 | . . . . . . 3 3 15 2 18 7 9 10 19 12 14 1 6 16 18 8 22 11 10 . Allies Corrupted 10 | . . . . . . . . . . . . . . 1 . 2 . . 1 3 2 . . 1 . Allies Melted 1 | . . . . . . . . . . . . . . . . . . . . . . . 1 . . Intel | -11 -10 -10 -10 -9 -8 -8 -7 -7 -7 -7 -6 -6 -5 -5 -5 -5 -4 -4 -4 -4 -3 -3 -2 -2 -1 ------- Run | Yrd Mat Min Exi Min Mat Gar Fac Gar Fac Gar Fac Gar Fac Gar Fac Gar Fac Was Fac Gar Res Gar Res Tes Acc Active Infowar (turns) 6064 | 74 708 181 548 741 2167 117 305 112 . . . 88 489 368 . . . . . . . . . . 166 Optics 202 | . . . . . . . . . . . . . . 202 . . . . . . . . . . . Terrain 2039 | 74 528 . . . 1271 . . . . . . . . . . . . . . . . . . . 166 Structural 2378 | . . . . . 1103 117 305 112 . . . 88 489 164 . . . . . . . . . . . Seismic 2648 | . 180 181 548 741 998 . . . . . . . . . . . . . . . . . . . . ECM 2 | . . . . . . . . . . . . . . 2 . . . . . . . . . . . Robot Analysis Total 4 | . 3 . . . 1 . . . . . . . . . . . . . . . . . . . . Derelict Logs Recovered 1 | . . . . 1 . . . . . . . . . . . . . . . . . . . . . Drone Launches 4 | . . . . . . . . . . . . . . . . . . . 4 . . . . . . Drone Recoveries . | . . . . . . . . . . . . . . . . . . . . . . . . . . Exploration | -11 -10 -10 -10 -9 -8 -8 -7 -7 -7 -7 -6 -6 -5 -5 -5 -5 -4 -4 -4 -4 -3 -3 -2 -2 -1 ------------- Run | Yrd Mat Min Exi Min Mat Gar Fac Gar Fac Gar Fac Gar Fac Gar Fac Gar Fac Was Fac Gar Res Gar Res Tes Acc Turns Passed 20059 | 179 708 181 548 741 2167 728 317 1217 812 1606 590 1491 489 1898 575 1475 186 829 181 559 487 1013 255 279 548 Spaces Moved 10324 | 90 351 113 341 308 1035 363 183 636 366 725 204 537 161 852 224 708 112 469 103 289 264 519 115 147 1109 Core 206 | 2 . . . . . . . . . . . . . . . . . . . . . . . 10 194 Treads 9203 | 88 351 113 341 308 1035 363 183 636 366 725 204 537 161 852 224 708 112 469 103 289 264 519 115 137 . Legs . | . . . . . . . . . . . . . . . . . . . . . . . . . . Wheels 2 | . . . . . . . . . . . . . . . . . . . . . . . . . 2 Hover 2 | . . . . . . . . . . . . . . . . . . . . . . . . . 2 Flight 911 | . . . . . . . . . . . . . . . . . . . . . . . . . 911 Fastest Speed 27 | 50 160 160 160 160 156 162 162 162 163 156 240 240 160 157 237 152 152 155 160 160 160 166 166 50 27 Average Speed 164 | 157 160 160 160 234 161 162 162 162 206 185 240 240 236 177 237 177 152 159 160 160 162 166 166 157 34 Slowest Speed 250 | 160 160 160 160 240 245 163 162 163 243 242 240 240 240 240 237 237 158 245 160 160 166 166 166 250 200 Overloaded Moves . | . . . . . . . . . . . . . . . . . . . . . . . . . . Propulsion Burnouts . | . . . . . . . . . . . . . . . . . . . . . . . . . . Robots Hopped 3 | . . . . . . . . . . . . . . . . . . . . . . . . . 3 Potential Cave-ins 2 | . . . . . . . . . . . . . . . . . . . . . . . . 2 . Cave-ins Triggered 1 | . . . . . . . . . . . . . . . . 1 . . . . . . . . . Exploration Rate (%) 43 | 5 60 36 69 71 89 55 7 71 17 82 9 55 6 86 8 79 6 95 7 34 13 72 10 44 37 Regions Visited 25 Branch Regions 4 Pre-discovered Areas 2 | . 1 . . . 1 . . . . . . . . . . . . . . . . . . . . Known Exits Taken 9 | . 1 . . . 1 . 1 . 1 . 1 . 1 . 1 . . . 1 . 1 . . . . Unknown Exits Taken 6 | 1 . 1 1 1 . . . . . . . . . . . . . . . . . . 1 1 . Scrap Searched 4 | . . 2 . 2 . . . . . . . . . . . . . . . . . . . . . Spaces Dug 157 | . . . . 14 8 1 1 36 13 10 4 1 . 8 4 18 1 . . 2 1 . 18 6 11 Terrain Destroyed 457 | . . . . 14 30 1 1 86 58 40 4 1 . 77 5 91 3 . . 3 2 1 21 7 12 Melee 14 | . . . . . . . 1 . . . 4 1 . . . . . . . . . . . . 8 Projectile 58 | . . . . . . . . . . 1 . . . 5 5 14 3 . . 3 2 1 14 6 4 AOE 384 | . . . . 14 30 1 . 86 58 39 . . . 72 . 77 . . . . . . 7 . . Terrain Rammed . | . . . . . . . . . . . . . . . . . . . . . . . . . . Walls Destroyed . | . . . . . . . . . . . . . . . . . . . . . . . . . . Machines Disabled . | . . . . . . . . . . . . . . . . . . . . . . . . . . Actions | -11 -10 -10 -10 -9 -8 -8 -7 -7 -7 -7 -6 -6 -5 -5 -5 -5 -4 -4 -4 -4 -3 -3 -2 -2 -1 --------- Run | Yrd Mat Min Exi Min Mat Gar Fac Gar Fac Gar Fac Gar Fac Gar Fac Gar Fac Was Fac Gar Res Gar Res Tes Acc Total 12384 | 109 423 113 344 320 1358 437 202 750 409 887 254 667 214 1129 261 866 121 551 116 363 314 624 151 186 1215 Wait 508 | 1 19 . . 1 122 16 . 32 19 5 7 9 1 64 16 41 . 53 2 35 8 32 3 1 21 Move 10296 | 89 350 112 340 307 1034 362 182 635 366 724 204 536 161 851 222 707 112 468 102 288 263 518 114 146 1103 Hop 2 | . . . . . . . . . . . . . . . . . . . . . . . . . 2 Pick Up 161 | 4 10 1 2 4 28 5 4 12 4 18 1 14 . 19 1 14 . . 1 4 1 4 1 2 7 Fast Attach 99 | 7 . . . . 5 1 . 1 1 6 . 2 2 15 1 5 1 8 3 . 6 4 3 2 26 Attach 78 | . . . 1 . 9 1 2 2 . 12 4 6 . 8 1 8 . . . 7 2 3 1 2 9 Detach 45 | . . . . . 1 . . 1 . 4 . 3 . 10 1 5 . 4 . 2 1 5 . 1 7 Swap 165 | . 2 . . 3 17 12 6 13 8 22 6 21 7 25 2 8 1 1 1 1 3 2 3 1 . Drop 134 | . 1 . 1 1 26 5 4 8 1 10 . 5 . 25 . 7 . 10 4 1 6 2 1 5 11 Fire 674 | 8 41 . . 4 115 20 3 37 10 56 7 27 23 79 17 55 7 7 1 25 22 51 25 21 13 Melee 79 | . . . . . . 15 1 9 . 2 13 16 . 7 . . . . . . . . . . 16 Ram . | . . . . . . . . . . . . . . . . . . . . . . . . . . Kick . | . . . . . . . . . . . . . . . . . . . . . . . . . . Crush 12 | . . . . . 1 . . . . . . . 1 . . 6 . . 2 . 2 . . . . Escape Stasis 29 | . . . . . . . . . . 4 . 8 . . . 10 . . . . . 2 . 5 . Rewire 25 | . . . . . . . . . . . . 1 . 23 . . . . . . . 1 . . . Trap . | . . . . . . . . . . . . . . . . . . . . . . . . . . Miscellaneous 77 | . . . . . . . . . . 24 12 19 19 3 . . . . . . . . . . . Route ------- -11/Scrapyard -10/Materials (discovered 5 exits: *Mat x2 / *Min x2 / [*Sub]) -10/Mines -10/Exiles -9/Mines -8/Materials (discovered 4 exits: *Fac x3 / Gar) -8/Garrison (discovered 3 exits: *Fac x3) -7/Factory -7/Garrison (discovered 3 exits: *Fac x3) -7/Factory -7/Garrison (discovered 3 exits: *Fac x3) -6/Factory -6/Garrison (discovered 3 exits: *Fac x3) -5/Factory -5/Garrison (discovered 3 exits: *Fac x3) -5/Factory (discovered 3 exits: *Fac x2 / Gar) -5/Garrison (discovered 3 exits: *Fac x3) -4/Factory -4/Waste -4/Factory -4/Garrison -3/Research -3/Garrison (discovered 3 exits: [*Res x3]) -2/Research -2/Testing -1/Access To Epsilon Eridani History --------- Turn | Location | Event 13 | -11/Scrapyard | Discovered new exit (range 15) 180 | -11/Scrapyard | Entered Materials 314 | -10/Materials | Build established: Mutant 363 | -10/Materials | Discovered new exit (range 9) 458 | -10/Materials | Learned Storage stockpile data 524 | -10/Materials | Discovered new exit (range 3) 532 | -10/Materials | Learned Storage garrison access intel 595 | -10/Materials | Learned location of 2 exits from Subcaves 650 | -10/Materials | Learned 2 Mines zone layouts 680 | -10/Materials | Derelicts attacked the area 695 | -10/Materials | Identified exit to Mines 695 | -10/Materials | Identified exit to Materials 751 | -10/Materials | Loaded intel: 18 trap records 769 | -10/Materials | Discovered new exit (range 9) 819 | -10/Materials | Learned location of 1 exit from Recycling 888 | -10/Materials | Entered Mines 1045 | -10/Mines | A weapon hastily lodged in a ceiling crevice suddenly fell to the ground 1062 | -10/Mines | Deemed a non-threat by the Exiles lab entrance 1062 | -10/Mines | Discovered new exit (range 5) 1069 | -10/Mines | Entered Exiles 1109 | -10/Exiles | Met 8R-AWN 1135 | -10/Exiles | Met EX-HEX 1185 | -10/Exiles | Met EX-BIN 1263 | -10/Exiles | Aligned with FarCom system 1265 | -10/Exiles | Given EX-Vault access code 1309 | -10/Exiles | Opened EX-Vault 1320 | -10/Exiles | Found Skeleton Box 1351 | -10/Exiles | Warned to stay clear of 0b10 Research branches 1473 | -10/Exiles | Met EX-DEC 1595 | -10/Exiles | Discovered new exit (range 14) 1617 | -10/Exiles | Left Exiles lab with Skeleton Box 1617 | -10/Exiles | Entered Mines 2148 | -9/Mines | Learned Materials emergency access door positions 2165 | -9/Mines | Received a Rocket Launcher from a helpful Derelict 2325 | -9/Mines | Discovered new exit (range 10) 2358 | -9/Mines | Entered Materials 2358 | -8/Materials | Evolved 4 slots: Propulsion x2, Utility x1, Weapon x1 2728 | -8/Materials | Build established: Skirmisher 2847 | -8/Materials | Discovered new exit (range 11) 3037 | -8/Materials | Build established: Scavenger-Skirmisher 3071 | -8/Materials | Discovered new exit (range 14) 3667 | -8/Materials | Build established: Skirmisher 3770 | -8/Materials | Learned Factory terminal intel 3800 | -8/Materials | Learned 4 Recycling zone layouts 3822 | -8/Materials | Learned location of 1 exit from Lower Caves 3833 | -8/Materials | Learned Storage stockpile data 3836 | -8/Materials | Learned location of Extension (-6) 3848 | -8/Materials | Identified exit to Factory 3871 | -8/Materials | Learned Factory emergency access door positions 3958 | -8/Materials | First assault squad dispatched 4519 | -8/Materials | Identified exit to Garrison 4525 | -8/Materials | Entered Garrison 4552 | -8/Garrison | Discovered exit to Factory (range 87) 4552 | -8/Garrison | Discovered exit to Factory (range 62) 4552 | -8/Garrison | Discovered exit to Factory (range 50) 4603 | -8/Garrison | Installed Relay Interface Framework 4627 | -8/Garrison | Triggered checkpoint 4863 | -8/Garrison | Triggered checkpoint 4927 | -8/Garrison | Rescued HV-R5K 5063 | -8/Garrison | Triggered checkpoint 5126 | -8/Garrison | Garrison Relay disabled 5211 | -8/Garrison | Build established: Mutant 5215 | -8/Garrison | Garrison Relay disabled 5253 | -8/Garrison | Entered Factory 5253 | -7/Factory | Accompanied by 2 allies (HV-R5K) 5253 | -7/Factory | Evolved 2 slots: Utility x2 5255 | -7/Factory | Loaded intel: 26 terminal locations 5560 | -7/Factory | Identified exit to Garrison 5570 | -7/Factory | Entered Garrison 5570 | -7/Garrison | Accompanied by 3 allies (HV-R5K) 5614 | -7/Garrison | Garrison Relay disabled 5682 | -7/Garrison | Triggered checkpoint 5758 | -7/Garrison | Triggered checkpoint 5764 | -7/Garrison | Triggered checkpoint 5780 | -7/Garrison | Triggered checkpoint 5804 | -7/Garrison | Build established: Bothacker-Mutant 5942 | -7/Garrison | Triggered checkpoint 6045 | -7/Garrison | Discovered new exit (range 12) 6065 | -7/Garrison | Expanded RIF knowledge: Patrol Navigation 6272 | -7/Garrison | Spotted B-75 Beast 6301 | -7/Garrison | Destroyed B-75 Beast 6394 | -7/Garrison | Expanded RIF knowledge: Coupler Efficiency 6448 | -7/Garrison | Discovered new exit (range 10) 6461 | -7/Garrison | Identified exit to Factory 6607 | -7/Garrison | Build established: Bothacker-Tank 6617 | -7/Garrison | Discovered exit to Factory (range 11) 6660 | -7/Garrison | Triggered checkpoint 6710 | -7/Garrison | Garrison Relay disabled 6787 | -7/Garrison | Entered Factory 6787 | -7/Factory | Accompanied by 1 ally 7424 | -7/Factory | Build established: Bothacker-Skirmisher 7466 | -7/Factory | Garrison activated, responded to threat 7599 | -7/Factory | Identified exit to Garrison 7599 | -7/Factory | Entered Garrison 7599 | -7/Garrison | Accompanied by 1 ally 7635 | -7/Garrison | Triggered checkpoint 7670 | -7/Garrison | Garrison Relay disabled 7781 | -7/Garrison | Triggered checkpoint 7783 | -7/Garrison | Triggered checkpoint 7845 | -7/Garrison | Triggered checkpoint 7850 | -7/Garrison | Lost 4 allies 7863 | -7/Garrison | Destroyed 9 combat bots 7871 | -7/Garrison | Lost 4 parts (3n1w) 8077 | -7/Garrison | Discovered new exit (range 14) 8159 | -7/Garrison | Triggered checkpoint 8196 | -7/Garrison | Discovered new exit (range 9) 8205 | -7/Garrison | Rescued a captive Derelict 8205 | -7/Garrison | Rescued a captive Derelict 8235 | -7/Garrison | Discovered new exit (range 6) 8235 | -7/Garrison | Discovered new exit (range 46) 8235 | -7/Garrison | Discovered new exit (range 67) 8282 | -7/Garrison | Garrison Relay disabled 8429 | -7/Garrison | Triggered checkpoint 8490 | -7/Garrison | Garrison Relay disabled 8524 | -7/Garrison | Expanded RIF knowledge: Program Shield 8695 | -7/Garrison | Triggered checkpoint 8736 | -7/Garrison | Garrison Relay disabled 8766 | -7/Garrison | Garrison Relay disabled 8781 | -7/Garrison | System corruption reached 10% 8803 | -7/Garrison | P-60 Hacker assimilated allied Chaingunner 4b 8829 | -7/Garrison | Lost 4 allies 8845 | -7/Garrison | Garrison Relay disabled 8861 | -7/Garrison | Garrison Relay disabled 8898 | -7/Garrison | Garrison Relay disabled 9020 | -7/Garrison | Identified exit to Factory 9200 | -7/Garrison | Build established: Botlord-Tank 9205 | -7/Garrison | Entered Factory 9205 | -6/Factory | Accompanied by 2 allies 9205 | -6/Factory | Evolved 2 slots: Utility x2 9555 | -6/Factory | First assault squad dispatched 9775 | -6/Factory | Garrison activated, responded to threat 9795 | -6/Factory | Identified exit to Garrison 9795 | -6/Factory | Entered Garrison 9824 | -6/Garrison | Lost 4 allies 9843 | -6/Garrison | Expanded RIF knowledge: Robot Detection 9885 | -6/Garrison | Triggered checkpoint 9911 | -6/Garrison | Build established: Botlord-Mutant 10014 | -6/Garrison | Garrison Relay disabled 10045 | -6/Garrison | Triggered checkpoint 10173 | -6/Garrison | Triggered checkpoint 10175 | -6/Garrison | Triggered checkpoint 10216 | -6/Garrison | Lost 4 allies 10223 | -6/Garrison | Triggered checkpoint 10243 | -6/Garrison | Triggered checkpoint 10340 | -6/Garrison | Build established: Botlord-Skirmisher 10420 | -6/Garrison | Discovered new exit (range 10) 10439 | -6/Garrison | Identified exit to Factory 10471 | -6/Garrison | Triggered checkpoint 10493 | -6/Garrison | Discovered exit to Factory (range 14) 10493 | -6/Garrison | Discovered exit to Factory (range 66) 10493 | -6/Garrison | Discovered exit to Factory (range 86) 10526 | -6/Garrison | Garrison Relay disabled 10649 | -6/Garrison | Spotted B-75 Beast 10653 | -6/Garrison | Assimilated Beast 5a with formatsys_high 10669 | -6/Garrison | Found Unknown Hackware 10672 | -6/Garrison | Found Unknown Hackware 10676 | -6/Garrison | Found Unknown Hackware 10680 | -6/Garrison | Found Unknown Hackware 11022 | -6/Garrison | Expanded RIF knowledge: Coupler Efficiency 11049 | -6/Garrison | Triggered checkpoint 11190 | -6/Garrison | Garrison Relay disabled 11286 | -6/Garrison | Entered Factory 11286 | -5/Factory | Accompanied by 9 allies 11286 | -5/Factory | Evolved 2 slots: Power x1, Propulsion x1 11586 | -5/Factory | First assault squad dispatched 11604 | -5/Factory | Garrison activated, responded to threat 11639 | -5/Factory | Lost 9 allies 11775 | -5/Factory | Identified exit to Garrison 11775 | -5/Factory | Entered Garrison 11775 | -5/Garrison | Accompanied by 1 ally 11792 | -5/Garrison | Lost 5 allies 11798 | -5/Garrison | Expanded RIF knowledge: Coupler Efficiency 12044 | -5/Garrison | Garrison Relay disabled 12177 | -5/Garrison | Triggered checkpoint 12177 | -5/Garrison | Spotted B-75 Beast 12180 | -5/Garrison | Assimilated Beast 6a with formatsys_high 12193 | -5/Garrison | Triggered checkpoint 12206 | -5/Garrison | Triggered checkpoint 12219 | -5/Garrison | Build established: Botlord-Tank 12260 | -5/Garrison | Discovered new exit (range 10) 12312 | -5/Garrison | Remotely autohacked Sealed Heavy Doors 12461 | -5/Garrison | H-XX Assembler disabled 12626 | -5/Garrison | Discovered new exit (range 12) 12633 | -5/Garrison | P-70 Sage assimilated allied Soldier 6i 12634 | -5/Garrison | P-70 Sage assimilated allied N9-2SI(l) 12660 | -5/Garrison | Phase Generator disabled 12677 | -5/Garrison | Lost 3 parts (1n2w) 12680 | -5/Garrison | Found Prototype Device 12680 | -5/Garrison | Identified Exp. ECM Suite 12683 | -5/Garrison | Lost 6 allies 12687 | -5/Garrison | Found Prototype Launcher 12687 | -5/Garrison | Identified Point Singularity Launcher 12724 | -5/Garrison | Found Point Singularity Launcher 12782 | -5/Garrison | Found Exp. ECM Suite 12801 | -5/Garrison | Triggered checkpoint 12821 | -5/Garrison | Triggered checkpoint 12837 | -5/Garrison | Expanded RIF knowledge: Autoassimilate 13017 | -5/Garrison | Spotted B-75 Beast 13018 | -5/Garrison | Autoassimilated Beast 6b with RIF 13203 | -5/Garrison | Discovered new exit (range 8) 13375 | -5/Garrison | Spotted B-86 Titan 13390 | -5/Garrison | Assimilated Titan 6a with formatsys_high 13393 | -5/Garrison | Spotted B-75 Beast 13422 | -5/Garrison | Allies destroyed B-75 Beast 13443 | -5/Garrison | Rewired B-86 Titan 13456 | -5/Garrison | Rewired B-86 Titan 13673 | -5/Garrison | Entered Factory 13673 | -5/Factory | Accompanied by 9 allies 13709 | -5/Factory | Discovered new exit (range 7) 13886 | -5/Factory | Discovered new exit (range 15) 14033 | -5/Factory | Identified exit to Factory 14156 | -5/Factory | Garrison activated, responded to threat 14180 | -5/Factory | Identified exit to Garrison 14248 | -5/Factory | Entered Garrison 14248 | -5/Garrison | Accompanied by 9 allies 14271 | -5/Garrison | Garrison Relay disabled 14342 | -5/Garrison | Triggered checkpoint 14373 | -5/Garrison | Crushed by falling debris 14373 | -5/Garrison | System corruption reached 10% 14499 | -5/Garrison | Triggered checkpoint 14570 | -5/Garrison | Lost 7 allies 14676 | -5/Garrison | Triggered checkpoint 14857 | -5/Garrison | Discovered exit to Factory (range 13) 14970 | -5/Garrison | Triggered checkpoint 15013 | -5/Garrison | Expanded RIF knowledge: Signal Jamming 15036 | -5/Garrison | Garrison Relay disabled 15258 | -5/Garrison | Discovered exit to Factory (range 12) 15306 | -5/Garrison | Triggered checkpoint 15334 | -5/Garrison | Found embedded Infiltrators 15336 | -5/Garrison | Garrison Relay disabled 15388 | -5/Garrison | Remotely autohacked Sealed Heavy Doors 15388 | -5/Garrison | Rescued a captive Derelict 15388 | -5/Garrison | Rescued a captive Derelict 15393 | -5/Garrison | Triggered checkpoint 15514 | -5/Garrison | Triggered checkpoint 15559 | -5/Garrison | Discovered exit to Factory (range 15) 15568 | -5/Garrison | Triggered checkpoint 15614 | -5/Garrison | Garrison Relay disabled 15723 | -5/Garrison | Entered Factory 15723 | -4/Factory | Accompanied by 11 allies 15723 | -4/Factory | Evolved 2 slots: Propulsion x2 15909 | -4/Factory | Sucked down chute 15909 | -4/Factory | Entered Waste 15917 | -4/Waste | Spotted C-40 Crusher 15938 | -4/Waste | Lost 4 allies 15952 | -4/Waste | Spotted C-40 Crusher 15955 | -4/Waste | Spotted C-40 Crusher 15956 | -4/Waste | Spotted C-40 Crusher 15958 | -4/Waste | Spotted C-40 Crusher 15989 | -4/Waste | Allies destroyed C-40 Crusher 15999 | -4/Waste | 3 allies followed down the chute 16004 | -4/Waste | 2 allies followed down the chute 16012 | -4/Waste | Allies destroyed C-40 Crusher 16030 | -4/Waste | Allies destroyed C-40 Crusher 16034 | -4/Waste | Spotted C-40 Crusher 16058 | -4/Waste | Allies destroyed C-40 Crusher 16223 | -4/Waste | Warlord forces began an assault 16378 | -4/Waste | Discovered new exit (range 13) 16412 | -4/Waste | Found Prototype Reactor 16412 | -4/Waste | Identified Zero-point Reactor 16580 | -4/Waste | Found Damper Plating 16738 | -4/Waste | Entered Factory 16738 | -4/Factory | Accompanied by 22 allies 16909 | -4/Factory | Identified exit to Garrison 16919 | -4/Factory | Entered Garrison 16919 | -4/Garrison | Accompanied by 15 allies 16973 | -4/Garrison | Lost 5 allies 17067 | -4/Garrison | Spotted B-86 Titan 17075 | -4/Garrison | Triggered checkpoint 17085 | -4/Garrison | Allies destroyed B-86 Titan 17092 | -4/Garrison | Triggered checkpoint 17143 | -4/Garrison | Lost 10 allies 17255 | -4/Garrison | Triggered checkpoint 17278 | -4/Garrison | Expanded RIF knowledge: Command Fork 17300 | -4/Garrison | Discovered new exit (range 8) 17356 | -4/Garrison | Expanded RIF knowledge: Code Merge 17401 | -4/Garrison | Garrison Relay disabled 17478 | -4/Garrison | Entered Research 17478 | -3/Research | Accompanied by 9 allies 17478 | -3/Research | Evolved 2 slots: Utility x2 17792 | -3/Research | Build established: Botlord-Gunner 17934 | -3/Research | Identified exit to Garrison 17965 | -3/Research | Entered Garrison 17965 | -3/Garrison | Accompanied by 16 allies 17995 | -3/Garrison | Triggered checkpoint 18003 | -3/Garrison | Garrison Relay disabled 18105 | -3/Garrison | Spotted B-86 Titan 18109 | -3/Garrison | Triggered checkpoint 18111 | -3/Garrison | Build established: Botlord-Tank 18114 | -3/Garrison | Allies destroyed B-86 Titan 18116 | -3/Garrison | Assimilated ARC 8a with formatsys_deep 18125 | -3/Garrison | Triggered checkpoint 18130 | -3/Garrison | Triggered checkpoint 18197 | -3/Garrison | Lost 6 allies 18215 | -3/Garrison | Garrison Relay disabled 18239 | -3/Garrison | Triggered checkpoint 18266 | -3/Garrison | Garrison Relay disabled 18335 | -3/Garrison | Discovered new exit (range 10) 18476 | -3/Garrison | Discovered new exit (range 5) 18651 | -3/Garrison | Triggered checkpoint 18663 | -3/Garrison | Garrison Relay disabled 18787 | -3/Garrison | Triggered checkpoint 18806 | -3/Garrison | Expanded RIF knowledge: Watcher Feeds 18851 | -3/Garrison | Garrison Relay disabled 18906 | -3/Garrison | Discovered new exit (range 10) 18978 | -3/Garrison | Entered Research 18978 | -2/Research | Accompanied by 24 allies 18978 | -2/Research | Evolved 2 slots: Utility x1, Weapon x1 19004 | -2/Research | Discovered new exit (range 62) 19139 | -2/Research | Allies destroyed B-90 Cyclops 19155 | -2/Research | Lost 6 allies 19168 | -2/Research | Master 8a assimilated hostile C-57 Dissector 19208 | -2/Research | Lost 5 allies 19233 | -2/Research | Entered Testing 19233 | -2/Testing | Accompanied by 13 allies 19234 | -2/Testing | Maximum security lockdown engaged 19270 | -2/Testing | Lost 4 allies 19346 | -2/Testing | Found Prototype Ballistic Cannon 19346 | -2/Testing | Identified Perforator 19387 | -2/Testing | Assimilated ARC 9a with formatsys_deep 19451 | -2/Testing | Assimilated ARC 9b with formatsys_deep 19464 | -2/Testing | Discovered new exit (range 29) 19477 | -2/Testing | Spotted Striker 19480 | -2/Testing | Scanned by Researcher 19481 | -2/Testing | Spotted Investigator 19481 | -2/Testing | Spotted Striker 19499 | -2/Testing | Destroyed Investigator 19512 | -2/Testing | Core integrity fell below 50% 19512 | -2/Testing | Entered Access 19512 | -1/Access | Evolved 2 slots: Power x1, Propulsion x1 19524 | -1/Access | Lost 19 allies 19540 | -1/Access | Lost 13 parts (1p4n5u3w) 19744 | -1/Access | Identified Relay Coupler [Proto] 19873 | -1/Access | Found Prototype Launcher 19873 | -1/Access | Identified Enh. Gamma Bomb Array 19959 | -1/Access | Lost 3 parts (2n1u) 19961 | -1/Access | Found Prototype Protection 19961 | -1/Access | Identified Centrium Heavy Armor Plating 20019 | -1/Access | Build established: Scavenger-Scout 20059 | -1/Access | Discovered new exit (range 6) 20060 | -1/Access | Identified exit to Surface 20060 | *** | Escaped! Last Messages --------------- 19961_ Identified Centrium Heavy Armor Plating. 19962_ Dropped Centrium Heavy Armor Plating. 19963_ Acquired Adv. Thermal Shield. 19966_ Dropped Lgt. Antimatter Reactor. 19967_ Dropped Micro-nuke Launcher. 19967_ Acquired Centrium Heavy Armor Plating. 19977_ ALERT: Security rotation in progress. 19979_ Acquired Adv. Terrain Scan Processor. 19998_ Acquired Nuclear Pulse Array. 20038_ K-01 Serf destroyed. 20039_ Acquired 14 matter. 20040_ K-01 Serf collects debris. 20058_ Connecting with Terminal... >>Open(Door) Sealed Barrier opened. 20058_ ALERT: Suspicious activity at Terminal A001. Dispatching Investigation squad. 20059_ The Access Shell folds into the floor. 20059_ EXIT=FOUND 20060_ EXIT=IDENTIFIED: SURFACE Map ----- +----------------------------------------------------+ | ??? ?????? #?# ##### #????? ??????????????? | | ?????????? #?# #?#?#????????????????? | | ???? ?? ?? " ??# " #???##???????????????? | | ?? ? ????? ??# ###+####????????????????????? | | ??????? ??# #??## ## ???????? ? ????????????? | | ########### #???# ##? ?????????????????????? | | # ##??# #? "??????????????????????? | | # ##??# ## ""??????????????????????? | | " # #??## ## ""??????? ?????????????? | | ?"""" # #???# ## "???????? ????????????? | | ?"""" # ##### ## ?? ???#?#????????????? | | ?""""" + ## ?????????????????????? | | ?"""" # #########????????????????????? | | " # ########????#???????????????????????? | | # ##???????#??????????????????????????? | | # #?????????#?????????????????????????? | | # ##????#?????????????????????????????? | | #####+##### #???????##??????????????????????????? | | #?????????# ##??#####????#??????????????????????? | | ????? ????# ####### ##########??????????????????? | | ??????#???# """T""" ""?????????????????? | | ??#?? #???# """ """ "????BB????????????? | | ???????#### "????BB????????????? | | ??????????# "??????????????????? | | ??????###?# "" "??????????????????? | | ????? #?#?# @" "??????????????????? | | ??????????# "?"????????????????? | | ?????????## "????BB????????????? | | #?????????# "????BB????????????? | | ???????#??# "??????????????????? | | ??????????# w####### ##########???#??????????????? | | ??????#???# #?????###???????????????????????????? | | ??????????# #???????????????????????????????????? | | ??????????# ??????????#?????????????????????????? | | ??????????# ????????????????????????????????????? | | ??????????# ?????????#??????????????????????????? | | ??????????# ?????#??????????????#???????????????? | | ??????????? ????????????????????????????????????? | | ????????????????????????#????????????????????????? | | ???????????????????????#?????????????????????????? | | ?????????????????????????????????????????????????? | | ?????????????????????????????????????????????????? | | ?????????????????????????????????????????????????? | | ?????????????????????????????????????????????????? | | ?????????????????????????????????????????????????? | | ?????????????????????????????????????????????????? | | ?????????????????????????????????????????????????? | | ?????????????????????????????????????????????????? | | ?????????????????????????????????????????????????? | | ?????????????????????????????????????????????????? | +----------------------------------------------------+ Best States ------------- Heat Dissipation 53 Coolant Potential 120 Energy Generation 45 Energy Capacity 575 Matter Stores 300 Matter Capacity 300 Sight Range 20 Terrain Scan Range 16 Terrain Scan Density 210 Additional Mass Support 12 EM Shielding 3 Corruption Block 20 Armor Coverage 3200 Resistance: KI 20 Resistance: EM 90 Phase Shifting 15 Evasion (%) 79 Targeting Accuracy 16 Recoil Reduction 6 Offensive Hacking 10 Relay Coupler Types 6 Relay Coupler Value 478 Item Schematics ----------------- None Robot Schematics ------------------ None Fabricated ------------ Nothing Repaired ---------- Nothing Alien Tech Used ----------------- None Achievements -------------- None Challenges ------------ None Game ------ Seed BladeTerrabombFragment Manual? 0 Play Time 03:45:59 Cumulative 268.1 hours Start 2025.06.01 @ 01:42:16 End 2025.06.01 @ 05:53:02 Sessions 1 Manual Loads 0 Difficulty Rogue Special Mode None Game No. 140 Rogue 132 Adventurer 8 Explorer 0 Win Type 0 Total 10 Types 5/0/2/2/0/0/0/0/0/1 Lore% 86 Gallery% 82 Achievement% 70 Wizard Run 0 Options --------- Layout 2 ASCII 0 Keyboard 1 Movement Numpad Keybinds 1 Fullscreen 1 Font 48/Smallcaps Map View 50x44 Zoom Use 0% Tactical HUD 1 Map Filters NONE Filters NONE Steam 1 RUN: 098172bd-59b3-41a7-82d4-58132bb617fd